 Dungeon Crawl Stone Soup version 0.17.0-15-g6d90897 (webtiles) character file.

32 xeno23 the Gusty (level 3, -2/19 HPs)
             Began as a Tengu Air Elementalist on Nov 10, 2015.
             Slain by a kobold (3 damage)
             ... on level 2 of the Dungeon.
             The game lasted 00:04:24 (773 turns).

xeno23 the Gusty (Tengu Air Elementalist)            Turns: 773, Time: 00:04:24

Health: -2/19      AC:  7    Str:  8      XL:     3   Next: 27%
Magic:  1/7        EV: 18    Int: 13 (16) God:
Gold:   122        SH:  0    Dex: 19      Spells: 1 memorised, 5 levels left

rFire  . . .     SeeInvis .     l - +0 dagger (protect)
rCold  . . .     Clarity  .     a - +0 robe
rNeg   . . .     SustAt   .     (no shield)
rPois  .         Gourm    .     q - +0 hat
rElec  .         Spirit   .     (no cloak)
rCorr  .         Warding  .     (no gloves)
rMut   .         Stasis   +     (boots unavailable)
MR     .....                    e - amulet of stasis
Stlth  +++.......               (no ring)
                                (no ring)

@: agile, not resistant to hostile enchantments, fairly stealthy
A: beak, talons 3
a: no special abilities


You were on level 2 of the Dungeon.
You were not hungry.

You visited 1 branch of the dungeon, and saw 2 of its levels.

You collected 122 gold pieces.

Inventory:

Hand Weapons
 k - a +2 dagger of venom
 l - a +0 dagger of protection (weapon)
Missiles
 i - 3 javelins (quivered)
Armour
 a - a +0 robe (worn)
 q - a +0 hat (worn)
Jewellery
 e - an amulet of stasis (around neck)
 n - an uncursed amulet of faith
Scrolls
 g - a scroll of remove curse {unknown}
 h - 2 scrolls of enchant weapon {unknown}
 o - a scroll of immolation {unknown}
 p - a scroll of teleportation {unknown}
 t - a scroll of blinking {unknown}
Books
 b - a book of Air

   Spells                             Type                      Level
   a - Shock                          Conjuration/Air              1
   b - Swiftness                      Charms/Air                   2
   c - Repel Missiles                 Charms/Air                   2
   d - Static Discharge               Conjuration/Air              3
   e - Lightning Bolt                 Conjuration/Air              5
Comestibles
 c - a bread ration
 j - a meat ration


   Skills:
 - Level 2.1 Dodging
 - Level 2.0 Stealth
 + Level 2.3 Spellcasting
 + Level 2.8 Conjurations
 + Level 4.6 Air Magic


You had 5 spell levels left.
You knew the following spells:

 Your Spells              Type           Power        Failure   Level  Hunger
a - Shock                 Conj/Air       ##..         8%          1    #......


Dungeon Overview and Level Annotations

Branches:
Dungeon (2/15)

Altars:


Innate Abilities, Weirdness & Mutations

You have a beak for a mouth.
You have claws for feet.


Message History

The ball python constricts you. The kobold hits you but does no damage.
The ooze hits you but does no damage. The hobgoblin completely misses you.
The ball python bites you but does no damage.
The ball python constricts you.
You barely miss the ball python.
The ball python is severely wounded.
The bat hits you but does no damage. The kobold hits you but does no damage.
The ooze hits you but does no damage.
The hobgoblin hits you but does no damage.
The ball python bites you but does no damage.
The ball python constricts you.
You hit the ball python.
You kill the ball python!
The bat hits you but does no damage. The kobold hits you but does no damage.
The ooze hits you but does no damage. The hobgoblin barely misses you.
You closely miss the kobold.
You feel less woody.
Your +0 hat unmelds from your body.
Your +0 robe unmelds from your body.
The bat completely misses you. The kobold hits you.
You die...

.. #..# ## #.#.
.####
...####....#
#...>....#
#........#
####....†...#≈.
......J@b......
......gK......♣
...............
.....#####.##≈.
..... .# ≈ ..##
. # #


You could see an ooze, a hobgoblin, a bat and a kobold.

Vanquished Creatures
  An adder (D:2)
  3 bats (D:1)
  4 giant cockroaches (D:1)
  5 goblins (D:1)
  A hobgoblin (D:1)
  2 jackals (D:1)
  A ball python (D:2)
  A giant gecko (D:1)
  2 kobolds (D:1)
  A rat (D:1)
21 creatures vanquished.

Notes
Turn   | Place    | Note
--------------------------------------------------------------
     0 | D:1      | xeno23 the Tengu Air Elementalist began the quest for the Orb.
     0 | D:1      | Reached XP level 1. HP: 10/10 MP: 4/4
   146 | D:1      | Reached XP level 2. HP: 7/15 MP: 6/6
   754 | D:2      | Reached XP level 3. HP: 7/19 MP: 0/7
   766 | D:2      | HP: 1/28 [ball python (1)]
   773 | D:2      | Slain by a kobold

Action                   || total
-------------------------++-------
Melee: Unarmed           ||    24
       Dagger            ||    27
 Cast: Shock             ||    38
  Use: Potion            ||     4
 Stab: Sleeping          ||     1
